 Dungeon Crawl Stone Soup version 0.29.1-1-gd02db6906a (webtiles) character file.

Game seed: 7286762442571342425

9 Gabide the Grave Robber (level 2, 0/19 HPs)
             Began as a Mummy Necromancer on Oct 20, 2022.
             Slain by a jackal (2 damage)
             ... on level 1 of the Dungeon.
             The game lasted 00:00:57 (143 turns).

Gabide the Grave Robber (Mummy Necromancer)          Turns: 143, Time: 00:00:57

Health: 0/19       AC:  2    Str: 11    XL:     2   Next: 3%
Magic:  0/5        EV: 12    Int: 14    God:
Gold:   0          SH:  0    Dex: 12    Spells: 5/6 levels left

rFire   x . .      SeeInvis .   (no weapon)
rCold   + . .      Faith    .   (no shield)
rNeg    + + +      Spirit   .   a - +0 robe
rPois   ∞          Reflect  .   (no helmet)
rElec   .          Harm     .   (no cloak)
rCorr   .          Rampage  .   (no gloves)
Will    .....                   (no boots)
Stlth   ++........              (no amulet)
HPRegen 0.06/turn               (no ring)
MPRegen 0.09/turn               (no ring)

@: no status effects
A: cold resistance 1, negative energy resistance 3, torment resistance 2, heat
vulnerability 1, no potions
a: no special abilities


You were on level 1 of the Dungeon.
You visited 1 branch of the dungeon, and saw 1 of its levels.

Inventory:

Armour
 a - a +0 robe (worn)


   Skills:
 + Level 1.8 Dodging
 + Level 1.8 Stealth
 + Level 2.9 Spellcasting
 + Level 4.1 Necromancy


You had 5 spell levels left.
You knew the following spells:

 Your Spells              Type           Power      Damage    Failure   Level
a - Necrotise             Necr           52%        1d6       4%          1

Your spell library contained the following spells:

 Spells                   Type           Power      Damage    Failure   Level
 Vampiric Draining        Necr           13%        2d6       12%         3
 Animate Dead             Necr           13%        N/A       36%         4
 Agony                    Necr           13%        N/A       73%         5


Dungeon Overview and Level Annotations

Branches:
Dungeon (1/15)

Altars:


Innate Abilities, Weirdness & Mutations

You are immune to poison.
Your flesh is cold resistant. (rC+)
You are immune to negative energy. (rN+++)
You are immune to unholy pain and torment.
You are vulnerable to heat. (rF-)
You do not drink.


Message History

The jackal bites your jackal skeleton.
Your jackal skeleton bites the jackal but does no damage.
The jackal bites your jackal skeleton.
Your jackal skeleton bites the jackal.
The jackal bites your jackal skeleton.
Your jackal skeleton bites the jackal but does no damage.
The jackal bites your jackal skeleton.
Your jackal skeleton closely misses the jackal.
The jackal bites your jackal skeleton.
Your jackal skeleton is destroyed!
You barely miss the jackal.
The jackal is moderately wounded.
The jackal bites you.
You hit the jackal but do no damage.
The jackal is moderately wounded.
The jackal closely misses you.
The jackal bites you but does no damage.
Aiming: Necrotise (safe; 4% risk of failure)
Press: ? - help, Q - select action Shift-Dir - straight line, f/p - jackal
Aim: a jackal (moderately wounded, chance to affect: 83%)
The jackal writhes in agony.
The jackal bites you.
Unknown command.
The jackal attacks as you move away! The jackal bites you.
The jackal barely misses you. The jackal barely misses you.
The jackal attacks as you move away! The jackal barely misses you.
The jackal barely misses you. The jackal misses you.
The jackal attacks as you move away! The jackal bites you.
* * * LOW HITPOINT WARNING * * *
Aiming: Necrotise (safe; 4% risk of failure)
Press: ? - help, Q - select action Shift-Dir - straight line, f/p - jackal
Aim: a jackal (almost dead, chance to affect: 83%)
The jackal writhes in agony.
You kill the jackal!
The dead are walking!
You have reached level 2!
The jackal attacks as you move away! The jackal barely misses you.
The jackal bites you.
You die...

........#
##..##
..#......#
##).##
.###......#
##..# #
#...... ##.##
#....[ #..#
#......####.#
.........#
....####.# .
#@.# # #......
##h##
.###......#
##..#
..#......#
##..##
........#
##.Z##
.......#
##..## ..>.(.#
###..##
.....####...##
#...###...###


You could see a jackal (ally target) and a friendly jackal skeleton.

Vanquished Creatures
  A dart slug (D:1)
  3 jackals (D:1)
  A quokka (D:1)
  A kobold (D:1)
6 creatures vanquished.

Notes
Turn   | Place    | Note
-------+----------+-------------------------------------------
     0 | D:1      | Gabide the Mummy Necromancer began the quest for the Orb.
     0 | D:1      | Reached XP level 1. HP: 13/13 MP: 4/4
   143 | D:1      | Reached XP level 2. HP: 2/19 MP: 0/5
   143 | D:1      | Slain by a jackal

Illustrated notes

Levels and vault maps discovered:
D:1:      dpeg_arrival_central, layout_loops_corners,
          wander_ebering_terrifying_dragon_lair

Action                   || total
-------------------------++-------
Melee: Unarmed           ||     2
 Cast: Necrotise         ||    11
Armor: Robe              ||     2
Dodge: Dodged            ||     9
